 Dungeon Crawl Stone Soup version 0.29.1-12-g30fa7ad0bf (webtiles) character file.

Game seed: 1225616807013068422

6489 LustLizard the Grappler (level 10, 0/102 HPs)
             Began as a Troll Fighter on Dec 24, 2022.
             Killed by nerve-wracking pain
             ... invoked by an orc high priest
              (7 damage)
             ... in a bailey.
             The game lasted 00:16:18 (7205 turns).

LustLizard the Grappler (Troll Fighter)             Turns: 7205, Time: 00:16:19

Health: 0/102      AC:  7    Str: 26    XL:     10   Next: 68%
Magic:  9/9        EV:  9    Int:  8    God:
Gold:   446        SH:  9    Dex:  9    Spells: 9/9 levels left

rFire   + . .      SeeInvis .     - Unarmed
rCold   . . .      Faith    .   n - +0 kite shield {rPois}
rNeg    . . .      Spirit   .   a - +0 robe
rPois   +          Reflect  .   (helmet restricted)
rElec   .          Harm     .   p - +2 cloak
rCorr   .          Rampage  .   (gloves unavailable)
Will    .....                   (boots unavailable)
Stlth   +.........              x - amulet of the acrobat
HPRegen 1.07/turn               B - ring of protection from fire
MPRegen 0.11/turn               I - ring of poison resistance

@: no status effects
A: large, unfitting armour, claws 3, regeneration 1, shaggy fur 1, tough skin 1
a: no special abilities


You were in a bailey.
You visited 2 branches of the dungeon, and saw 9 of its levels.
You also visited: Bailey.

You collected 446 gold pieces.

Inventory:

Missiles
 w - 3 throwing nets (quivered)
 L - a curare-tipped dart
Armour
 a - a +0 robe (worn)
 b - a +0 kite shield
 n - a +0 kite shield of poison resistance (worn)
 p - a +2 cloak (worn)
 t - a scarf of resistance
 N - the +10 tower shield of Ignorance {rN+ Int-4}
   (You acquired it in a bailey)

   Int:       It affects your intelligence (-4).
   rN:        It protects you from negative energy.
Jewellery
 f - an amulet of magic regeneration
 x - an amulet of the acrobat (around neck)
 B - a ring of protection from fire (left claw)
 I - a ring of poison resistance (right claw)
 J - a ring of wizardry
Wands
 o - a wand of polymorph (10)
 z - a wand of digging (9)
 A - a wand of iceblast (16)
Scrolls
 d - 2 scrolls of immolation {unknown}
 e - a scroll of silence {unknown}
 h - 2 scrolls of enchant weapon
 l - 2 scrolls of enchant armour {unknown}
 m - 2 scrolls of vulnerability
 v - a scroll of teleportation
 y - 2 scrolls of brand weapon {unknown}
 D - a scroll of poison {unknown}
 E - 2 scrolls of noise {unknown}
 K - a scroll of amnesia {unknown}
 M - a scroll of torment {unknown}
Potions
 c - 3 potions of might
 g - a potion of resistance {unknown}
 i - 3 potions of curing
 j - 2 potions of mutation
 k - 4 potions of heal wounds
 q - 3 potions of haste {unknown}
 r - 3 potions of degeneration
 s - 3 potions of ambrosia
 u - a potion of brilliance {unknown}
 C - a potion of berserk rage {unknown}
 F - a potion of invisibility {unknown}
 G - a potion of attraction {unknown}
 H - a potion of lignification {unknown}


   Skills:
 + Level 7.0 Fighting
 + Level 4.9 Dodging
 + Level 7.6 Shields
 * Level 11.2 Unarmed Combat


You had 9 spell levels left.
You didn't know any spells.
Your spell library contained the following spells:

 Spells                   Type           Power      Damage    Failure   Level
 Magic Dart               Conj           0%         1d3       65%         1
 Necrotise                Necr           0%         1d4       65%         1
 Slow                     Hex            0%         N/A       65%         1
 Call Imp                 Summ           0%         N/A       78%         2
 Ensorcelled Hibernation  Hex/Ice        0%         N/A       78%         2
 Passwall                 Tmut/Erth      0%         N/A       78%         2
 Confusing Touch          Hex            0%         N/A       95%         3
 Conjure Flame            Conj/Fire      0%         6-21      95%         3
 Ignite Poison            Fire/Tmut/Pois 0%         N/A       95%         3
 Mephitic Cloud           Conj/Pois/Air  0%         N/A       95%         3
 Swiftness                Air            0%         N/A       95%         3
 Vampiric Draining        Necr           0%         2d6       95%         3
 Hailstorm                Conj/Ice       0%         3d3       100%        4
 Ice Form                 Ice/Tmut       0%         N/A       100%        4
 Sticky Flame             Conj/Fire      0%         2d3       100%        4
 Agony                    Necr           0%         N/A       100%        5
 Simulacrum               Ice/Necr       0%         N/A       100%        6


Dungeon Overview and Level Annotations

Branches:
Dungeon (8/15)             Temple (1/1) D:5            Lair (0/5) D:8
 Bailey (1/1)

Altars:
Ashenzari
Dithmenos
Fedhas
Gozag
Hepliaklqana
Kikubaaqudgha
Makhleb
Nemelex Xobeh
Okawaru
Qazlal
Ru
Trog
Uskayaw
Vehumet
Wu Jian
Xom
Yredelemnul
Zin
The Shining One

Shops:
D:2 [   D:6 (   D:7 [

Annotations:
D:1 2 transporters


Innate Abilities, Weirdness & Mutations

You are too large for most types of armour.
You have claws for hands.
Your natural rate of healing is unusually fast.
You are covered in fur. (AC +1)
You have tough skin. (AC +1)


Message History

There is an open door, spattered with blood here.
Items here: ))) [[[ ††.
Found a +0 war axe, a quarterstaff and a short sword.
Found a long sword.
There is an open door here.
You block the orc high priest's attack.
You see here a +0 war axe.
You barely miss the orc high priest.
The orc high priest utters an invocation to Beogh.
You mangle the orc high priest!!
The orc high priest is moderately wounded.
The orc high priest hits you with the +7 great sword of Ybedd {venom, rF- rC+++ Int-5 Dex+3}!
You closely miss the orc high priest.
The orc high priest is moderately wounded.
The ice devil hits you. The ice devil freezes you!
The orc high priest hits you with the +7 great sword of Ybedd {venom, rF- rC+++ Int-5 Dex+3}!
You barely miss the orc high priest.
The orc high priest is moderately wounded.
The ice devil hits you. The ice devil freezes you!!
You barely miss the orc high priest.
The orc high priest is moderately wounded.
You block the orc high priest's attack. The ice devil barely misses you.
You barely miss the orc high priest.
The orc high priest is moderately wounded.
The orc high priest hits you with the +7 great sword of Ybedd {venom, rF- rC+++ Int-5 Dex+3}!
* * * LOW HITPOINT WARNING * * *
You block the ice devil's attack.
You mangle the orc high priest!!
The orc high priest is severely wounded.
The orc high priest hits you with the +7 great sword of Ybedd {venom, rF- rC+++ Int-5 Dex+3}!
* * * LOW HITPOINT WARNING * * *
The ice devil hits you.
* * * LOW HITPOINT WARNING * * *
The ice devil freezes you!
* * * LOW HITPOINT WARNING * * *
You scratch the orc high priest but do no damage.
The orc high priest is severely wounded.
The orc high priest invokes the aid of Beogh against you.
Pain shoots through your body!
You die...

≈≈≈≈≈≈≈≈≈≈≈≈≈≈≈≈≈≈≈≈≈≈≈≈
≈######†~~~~~~~~~~~~###### ≈≈≈#
≈#.#.)'.............'..#.# ≈≈≈≈#
≈#'#.)###############..#'#≈≈≈≈≈#
≈#....#.......#)....'....#≈≈≈≈≈#
≈#....#.8.8.8.))....#....#≈≈≈≈≈#
≈######...##############.#≈≈≈≈≈#
≈~.#......#....'))# +[[#.~≈≈≈≈≈#
≈~.#......#....#@o#.#[[#.~≈≈≈≈≈#
≈~.#''#####....#4.'.#..#.~≈≈≈≈≈#
≈~.#.....##....#########.~≈≈≈≈≈#
...')....##....#..8.8..#.~≈≈≈≈≈#
...)..⌠..##.._.).......)∩~≈≈≈≈≈#
...'.....##....#..8.8..#.~≈≈≈≈≈#
≈~.#)....##....#########.~≈≈≈≈≈#
≈~.#''#####....# #.K#.~≈≈≈≈≈#
≈~.#......#....# #?!#.~≈≈≈≈≈#


You could see an orc high priest and an ice devil (summoned).

Vanquished Creatures
  A two-headed ogre (D:7)
  A komodo dragon (D:8)
  Prince Ribbit (D:7)
  Grinder (D:4)
  Menkaure (D:7)
  A steam dragon (D:6)
  Edmund (D:4)
  An acid dragon (D:8)
  3 water moccasins
  An ice beast (D:8)
  14 orc warriors (Bailey)
  A sky beast (D:7)
  2 centaurs
  3 ogres
  3 phantoms
  4 bullfrogs
  2 kobold brigands (D:8)
  Blork the orc (D:6)
  3 necrophages (D:7)
  5 scorpions
  5 electric eels
  3 howler monkeys
  7 hounds
  2 orc priests
  2 gnoll boudas
  3 jellies
  5 iguanas
  An orc wizard (D:7)
  28 gnolls
  5 adders
  2 shadow imps
  2 white imps (D:5)
  An ufetubus (D:6)
  2 worms
  3 dart slugs
  37 orcs
  2 bats
  10 endoplasms
  2 giant cockroaches
  23 goblins
  16 hobgoblins
  16 jackals
  3 quokkas
  3 ball pythons
  2 frilled lizards (D:3)
  10 kobolds
  7 rats
252 creatures vanquished.

Vanquished Creatures (others)
  An orc wizard (D:3)
  An adder (D:6)
  2 orcs
  36 plants
40 creatures vanquished.

Grand Total: 292 creatures vanquished

Notes
Turn   | Place    | Note
-------+----------+-------------------------------------------
     0 | D:1      | LustLizard the Troll Fighter began the quest for the Orb.
     0 | D:1      | Reached XP level 1. HP: 22/22 MP: 0/0
   121 | D:1      | Found a faded altar of an unknown god.
   171 | D:1      | Reached XP level 2. HP: 29/29 MP: 1/1
   617 | D:1      | Reached XP level 3. HP: 30/36 MP: 2/2
  1031 | D:2      | Found a shimmering altar of Xom.
  1045 | D:2      | Reached skill level 3 in Unarmed Combat
  1053 | D:2      | Found Aletsyma's Armour Shop.
  1604 | D:3      | Reached XP level 4. HP: 44/44 MP: 3/3
  1909 | D:3      | Reached skill level 4 in Unarmed Combat
  1909 | D:3      | Reached XP level 5. HP: 48/53 MP: 4/4
  1933 | D:3      | Noticed an ogre
  2073 | D:3      | Reached XP level 6. HP: 50/61 MP: 5/5
  2096 | D:3      | Reached skill level 5 in Unarmed Combat
  2192 | D:3      | Reached XP level 7. HP: 56/68 MP: 6/6
  2671 | D:4      | Noticed Grinder
  2674 | D:4      | Paralysed by Grinder for 3 turns
  2682 | D:4      | Paralysed by Grinder for 5 turns
  2688 | D:4      | Killed Grinder
  2689 | D:4      | Reached skill level 6 in Unarmed Combat
  3282 | D:4      | Noticed Edmund
  3294 | D:4      | Killed Edmund
  3295 | D:4      | Reached skill level 5 in Shields
  3295 | D:4      | Reached XP level 8. HP: 79/79 MP: 7/7
  3425 | D:5      | Entered Level 5 of the Dungeon
  3432 | D:5      | Reached skill level 7 in Unarmed Combat
  3624 | D:5      | Found an ancient bone altar of Kikubaaqudgha.
  3677 | D:5      | Identified the +11 long sword "Ishausm" {freeze, Str+4
                  | Dex+3}
  3712 | D:5      | Reached skill level 5 in Fighting
  3854 | D:5      | Found a staircase to the Ecumenical Temple.
  3876 | Temple   | Entered the Ecumenical Temple
  4215 | D:6      | Reached skill level 8 in Unarmed Combat
  4429 | D:6      | Reached XP level 9. HP: 86/88 MP: 8/8
  4570 | D:6      | Noticed Blork the orc
  4576 | D:6      | Killed Blork the orc
  4624 | D:6      | Found a bloodstained altar of Trog.
  4725 | D:6      | Reached skill level 9 in Unarmed Combat
  5088 | D:6      | Found Peusacw's Antique Weapon Shoppe.
  5266 | D:7      | Found a sparkling altar of Nemelex Xobeh.
  5268 | D:7      | Found a shadowy altar of Dithmenos.
  5652 | D:7      | Found a broken altar of Ashenzari.
  5678 | D:7      | Noticed Menkaure
  5684 | D:7      | Killed Menkaure
  5755 | D:7      | Found Daenan's Armour Shoppe.
  5778 | D:7      | Noticed a two-headed ogre
  5789 | D:7      | Killed a two-headed ogre
  5790 | D:7      | Reached skill level 10 in Unarmed Combat
  5790 | D:7      | Reached XP level 10. HP: 39/100 MP: 9/9
  5792 | D:7      | Noticed Prince Ribbit
  5897 | D:7      | Killed Prince Ribbit
  6237 | D:8      | Found a staircase to the Lair.
  6325 | D:8      | Found an ornate altar of the Wu Jian Council.
  6327 | D:8      | Found an iron altar of Okawaru.
  6347 | D:8      | Found a flagged portal.
  6375 | Bailey   | Entered a bailey
  6854 | Bailey   | Reached skill level 11 in Unarmed Combat
  7049 | Bailey   | Acquired the +10 tower shield of Ignorance {rN+ Int-4}
  7049 | Bailey   | Found the +10 tower shield of Ignorance {rN+ Int-4}
  7087 | Bailey   | Found an iron altar of Okawaru.
  7087 | Bailey   | Noticed an orc high priest
  7193 | Bailey   | Identified the +7 great sword of Ybedd {venom, rF- rC+++
                  | Int-5 Dex+3}
  7205 | Bailey   | Killed from afar by an orc high priest

Illustrated notes

Levels and vault maps discovered:
D:1:      spicycebolla_arrival_transporter_tutorial, layout_loops_ring,
          basic_ecumenical_altar, chequers_serial_rivers_large_a
D:2:      layout_loops_ring, basic_altar, serial_shops, nicolae_shop_trees
D:3:      lemuel_castle_with_subvaults [lemuel_castle_interior_carwin_1],
          layout_basic, cheibrodos_gnoll_hut
D:4:      layout_basic, uniq_edmund, uniq_grinder
D:5:      layout_basic, kiku_gazebo_garden_becter,
          minmay_temple_entry_purple_smoke
D:6:      layout_loops_cross, trog_three_pillars_becter, serial_shops,
          kennysheep_little_box, serial_bayou, serial_bayou_pond_d,
          serial_bayou_ford_a, serial_bayou_pond_b, serial_bayou_pond_b,
          uniq_blork_the_orc
D:7:      minmay_evil_eye, layout_loops_ring, lemuel_round_altar,
          chequers_temple_overflow_statue_of_worship, serial_shops,
          kennysheep_mini_moat, uniq_prince_ribbit1, uniq_menkaure
D:8:      layout_loops_ring, nicolae_overflow_hidden_temple,
          david_lair_shrubbed, enter_bailey_5
Temple:   chequers_temple_sunken
Bailey:   bailey_axe_of_yendor_kennysheep, bailey

Skill      XL: |  1  2  3  4  5  6  7  8  9 10 |
---------------+-------------------------------+-----
Shields        | 3 4 5 6 7 |  7.6
Unarmed Combat | 3 4 5 6 8 10 11 | 11.2
Fighting       | 3 4 5 6 7 |  7.0
Dodging        | 4 |  4.9

Action                   |  1- 3 |  4- 6 |  7- 9 | 10-12 || total
-------------------------+-------+-------+-------+-------++-------
Melee: Unarmed           |   110 |   143 |   346 |   209 ||   808
  Use: Scroll            |       |       |     8 |     2 ||    10
Armor: Robe              |    40 |    68 |    73 |    20 ||   201
Dodge: Dodged            |    31 |    39 |   104 |    73 ||   247
Block: Kite shield       |    32 |    66 |   114 |    78 ||   290
